 Dungeon Crawl Stone Soup version 0.26-a0-662-g8b9c6dab81 (webtiles) character file.

Game seed: 10261159758321643494

4103 avis the Severer (level 10, -1/81 HPs)
             Began as a Hill Orc Monk on Oct 9, 2020.
             Was a Priest of Beogh.
             Splashed by a brown ugly thing's acid (6 damage)
             ... on level 11 of the Dungeon on Oct 10, 2020.
             The game lasted 00:51:11 (13522 turns).

avis the Severer (Hill Orc Monk)                   Turns: 13522, Time: 00:51:12

Health: -1/81      AC:  7    Str: 18    XL:     10   Next: 26%
Magic:  10/10      EV:  8    Int:  6    God:    Beogh [***...]
Gold:   142        SH:  0    Dex: 16    Spells: 9/9 levels left

rFire    . . .     SeeInvis .   a - +2 broad axe (flame)
rCold    . . .     Faith    .   (no shield)
rNeg     . . .     Spirit   .   M - +0 chain mail {MR+}
rPois    .         Reflect  .   y - +0 helmet
rElec    .         Harm     .   S - +0 cloak
rCorr    .         Rampage  .   D - +0 pair of gloves
MR       +....                  (no boots)
Stlth    ..........             N - amulet of magic regeneration
HPRegen  0.23/turn              T - ring of Peudd {+Fly Int-4 Dex+3}
MPRegen  0.37/turn              v - ring of stealth

@: about to teleport, corroded
A: no striking features
a: Smiting, Renounce Religion, Evoke Flight


You were on level 11 of the Dungeon.
You worshipped Beogh.
Beogh was most pleased with you.
You visited 2 branches of the dungeon, and saw 11 of its levels.

You collected 498 gold pieces.
You spent 356 gold pieces at shops.

Inventory:

Hand Weapons
 a - a +2 broad axe of flaming (weapon)
 b - a +2 hand axe of electrocution
 w - a +2 flail of protection
Missiles
 r - 47 poisoned darts (quivered)
 z - 5 boomerangs
Armour
 y - a +0 helmet (worn)
 D - a +0 pair of gloves (worn)
 M - a +0 chain mail of magic resistance (worn)
 S - a +0 cloak (worn)
Jewellery
 v - a ring of stealth (right hand)
 N - an amulet of magic regeneration (around neck)
 T - the ring of Peudd (left hand) {+Fly Int-4 Dex+3}
   (You found it on level 7 of the Dungeon)

   [ring of intelligence]

   It affects your intelligence (-4).
   It affects your dexterity (+3).
   It lets you fly.
Wands
 B - a wand of flame (28)
 C - a wand of random effects (2)
Scrolls
 m - 3 scrolls of immolation {unknown}
 q - 2 scrolls of enchant weapon {unknown}
 x - 2 scrolls of magic mapping
 G - a scroll of fear {unknown}
 J - 2 scrolls of amnesia
 K - a scroll of identify
 L - a scroll of remove curse
Potions
 f - a potion of lignification {unknown}
 j - 2 potions of brilliance {unknown}
 k - 3 potions of heal wounds
 l - 2 potions of curing
 s - a potion of ambrosia {unknown}
 t - 6 potions of flight
 u - a potion of invisibility {unknown}
 A - 2 potions of mutation {unknown}
 H - a potion of haste {unknown}
 Q - a potion of might {unknown}
 U - a potion of berserk rage {unknown}


   Skills:
 - Level 5.0 Fighting
 * Level 16.4 Axes
 + Level 1.0 Armour
 - Level 2.4 Dodging
 - Level 1.5 Stealth
 - Level 5.0 Evocations


You had 9 spell levels left.
You didn't know any spells.
Your spell library contained the following spells:

 Spells                   Type           Power        Failure   Level
 Corona                   Hex            #......      100%        1
 Magic Dart               Conj           #...         100%        1
 Blink                    Tloc           N/A          100%        2
 Call Imp                 Summ           #.......     100%        2
 Ensorcelled Hibernation  Hex/Ice        #.....       100%        2
 Searing Ray              Conj           #.....       100%        2
 Slow                     Hex            #.......     100%        2
 Confusing Touch          Hex            #.......     100%        3
 Conjure Flame            Conj/Fire      #.......     100%        3
 Dazzling Flash           Conj/Hex       #.....       100%        3
 Mephitic Cloud           Conj/Pois/Air  #.......     100%        3
 Tukima's Dance           Hex            #.......     100%        3
 Fulminant Prism          Conj/Hex       #.........   100%        4
 Iskenderun's Mystic Bla  Conj/Tloc      #.......     100%        4


Dungeon Overview and Level Annotations

Branches:
Dungeon (9/15)             Temple (1/1) D:4
   Lair: D:8-11         Orc: D:9-12

Altars:
Ashenzari
Cheibriados
Dithmenos
Elyvilon
Fedhas
Gozag
Hepliaklqana
Kikubaaqudgha
Makhleb
Nemelex Xobeh
Okawaru
Qazlal
Ru
Sif Muna
Trog
Uskayaw
Vehumet
Wu Jian
Xom
Yredelemnul
Zin
The Shining One

Shops:
D:7 [   D:8 (


Message History

* * * LOW HITPOINT WARNING * * *
Your orc misses the killer bee.
An orc comes into view.
The orc stares at you in amazement and kneels.
It says, "I'm so glad you are here now."
Your orc is smitten.
Your orc dies!
The killer bee stings you.
* * * LOW HITPOINT WARNING * * *
As you read the scroll of teleportation, it crumbles to dust.
You feel strangely unstable.
The killer bee stings your orc but does no damage.
The killer bee stings you.
* * * LOW HITPOINT WARNING * * *
Your orc barely misses the killer bee.
The killer bee closely misses your orc warrior.
The brown ugly thing bites you!
* * * LOW HITPOINT WARNING * * *
You are splashed with acid.
You die... ... #yy

... .## #..### #.#
...#y.#.# #.#
#.#....# #.#
#....#.# #.# .
...#.# #.#
....##$#.####y#
#.....yyu@yo#
.....#.#y####oo.)o!#
##. ...#.# #.......
#.###.# ........ ...
..# #....... ### ##.
..###... . ..# ##. .
.#


You could see a brown ugly thing, 5 killer bees, a friendly orc warrior and 3
friendly orcs.

Vanquished Creatures
  Erica (D:8)
  Maggie (D:7)
  A hornet (D:7)
  Edmund (D:4)
  2 orc warriors
  An ice beast (D:7)
  A phantom (D:4)
  4 ogres
  A necrophage (D:5)
  A centaur (D:5)
  A big kobold (D:8)
  A bullfrog (D:11)
  A wyvern zombie (D:7)
  3 scorpions
  10 killer bees
  7 wights (D:7)
  A hound (D:4)
  2 orc priests (D:8)
  A jelly (D:5)
  A bullfrog skeleton (D:6)
  6 orc wizards
  Jessica (D:2)
  Natasha (thrice) (D:3)
  2 iguanas
  8 worker ants
  11 adders
  3 gnolls
  An ooze (D:1)
  An adder skeleton (D:4)
  An adder zombie (D:8)
  3 worms
  A dart slug (D:1)
  7 leopard geckos
  17 orcs
  11 giant cockroaches
  10 hobgoblins
  13 jackals
  6 quokkas
  2 ball pythons
  12 bats
  3 frilled lizards
  8 goblins
  14 kobolds
  9 rats
195 creatures vanquished.

Vanquished Creatures (others)
  An orc (D:11)
1 creature vanquished.

Grand Total: 196 creatures vanquished

Notes
Turn   | Place    | Note
-------+----------+-------------------------------------------
     0 | D:1      | avis the Hill Orc Monk began the quest for the Orb.
     0 | D:1      | Reached XP level 1. HP: 19/19 MP: 1/1
   319 | D:1      | Reached XP level 2. HP: 26/26 MP: 2/2
   405 | D:1      | Reached skill level 5 in Axes
   760 | D:1      | Reached XP level 3. HP: 28/31 MP: 3/3
  1442 | D:2      | Reached skill level 6 in Axes
  1621 | D:2      | Reached XP level 4. HP: 39/39 MP: 4/4
  2474 | D:2      | Reached skill level 7 in Axes
  2544 | D:2      | Noticed Jessica
  2552 | D:2      | Killed Jessica
  2552 | D:2      | Reached XP level 5. HP: 25/46 MP: 5/5
  3117 | D:3      | Noticed Natasha
  3136 | D:3      | Killed Natasha
  3256 | D:3      | Reached skill level 8 in Axes
  3720 | D:3      | Reached XP level 6. HP: 52/52 MP: 6/6
  3735 | D:3      | Noticed Natasha
  3745 | D:3      | Killed Natasha
  4026 | D:3      | Noticed Natasha
  4034 | D:3      | Killed Natasha
  4034 | D:3      | Reached skill level 9 in Axes
  4389 | D:4      | Reached skill level 1 in Evocations
  4436 | D:4      | Found a glowing drain.
  4635 | D:4      | Noticed a phantom
  4677 | D:4      | Killed a phantom
  4677 | D:4      | Reached XP level 7. HP: 42/59 MP: 7/7
  4882 | D:4      | Found a staircase to the Ecumenical Temple.
  4887 | Temple   | Entered the Ecumenical Temple
  5114 | D:4      | Found a broken altar of Ashenzari.
  5129 | D:4      | Reached skill level 10 in Axes
  5603 | D:5      | Entered Level 5 of the Dungeon
  5640 | D:5      | Noticed Edmund
  5716 | D:4      | Killed Edmund
  6091 | D:5      | HP: 2/59 [iguana (5)]
  6447 | D:5      | Reached skill level 11 in Axes
  6447 | D:5      | Reached XP level 8. HP: 25/66 MP: 8/8
  7417 | D:5      | Found a shimmering blue altar of Sif Muna.
  7839 | D:6      | Found a shimmering blue altar of Sif Muna.
  7849 | D:6      | Got a translucent great sword
  7873 | D:6      | Reached skill level 12 in Axes
  8195 | D:6      | Identified the +9 great sword of Crawling {vorpal, Str+3}
                  | (You found it on level 6 of the Dungeon)
  8387 | D:6      | Became a worshipper of Beogh the Brigand
  8387 | D:6      | Reached * piety under Beogh
  8387 | D:6      | Reached ** piety under Beogh
  8935 | D:7      | Reached skill level 5 in Evocations
  8983 | D:7      | Found Wopsulei's Antique Armour Shoppe.
  8996 | D:6      | Reached XP level 9. HP: 58/71 MP: 9/9
  9061 | D:6      | Reached skill level 13 in Axes
  9624 | D:7      | Got a transparent lapis lazuli ring
  9626 | D:7      | Noticed Maggie
  9630 | D:6      | Identified the cursed ring of Peudd {+Fly Int-4 Dex+3} (You
                  | found it on level 7 of the Dungeon)
  9645 | D:7      | Killed Maggie
  9653 | D:7      | Bought a bronze chain mail for 199 gold pieces
  9670 | D:6      | Identified the cursed +0 chain mail "Askel" {-Cast Dex+7}
                  | (You bought it in a shop on level 7 of the Dungeon)
  9720 | D:7      | Reached skill level 14 in Axes
  9917 | D:7      | Noticed a hornet
  9937 | D:7      | Paralysed by a hornet for 1 turns
  9940 | D:7      | Killed a hornet
 10263 | D:7      | Reached skill level 5 in Fighting
 10458 | D:7      | Reached skill level 15 in Axes
 11425 | D:8      | Noticed Erica
 11436 | D:8      | Killed Erica
 11436 | D:8      | Reached skill level 16 in Axes
 11436 | D:8      | Reached XP level 10. HP: 21/81 MP: 10/10
 12604 | D:8      | Reached *** piety under Beogh
 13035 | D:8      | Found Pufuy's Antique Weapon Boutique.
 13199 | D:7      | Bought a runed chain mail for 157 gold pieces
 13495 | D:9      | You fall into a shaft and drop 2 floors!
 13507 | D:11     | Reached skill level 1 in Armour
 13509 | D:11     | Noticed a brown ugly thing
 13522 | D:11     | Splashed by a brown ugly thing's acid

Illustrated notes

Levels and vault maps discovered:
D:1:      saegor_arrival_simple_d, layout_loops_corners,
          minmay_indecisive_spiral
D:2:      layout_loops_ring, hangedman_feature_mirror, uniq_jessica
D:3:      layout_basic, uniq_natasha
D:4:      layout_basic, minmay_temple_entry_nine_rooms, gup_sewer_entry_pipe,
          ashenzari_altar_1
D:5:      layout_cave_pods, led_sif_pool, uniq_edmund
D:6:      layout_gridville, basic_altar, mrwooster_statue_mirror
D:7:      layout_loops_ring, serial_shops, shop_fountains,
          chequers_serial_rivers_micro_e, chequers_serial_rivers_micro_b,
          uniq_maggie
D:8:      layout_basic, serial_shops, kennysheep_little_box, uniq_erica
D:9:      layout_basic, lair_entry_dummy, water_maze_lemuel
D:11:     layout_basic, david_orc_5, special_room [special_room_orc]
Temple:   kilobyte_greek_temple

Skill      XL: |  1  2  3  4  5  6  7  8  9 10 |
---------------+-------------------------------+-----
Axes           | 5 6 7 8 9 11 12 16 | 16.4
Fighting       | 4 5 |  5.0
Evocations     | 1 3 5 |  5.0
Armour         | 1 |  1.0
Dodging        | |  2.4
Stealth        | |  1.5

Action                   |  1- 3 |  4- 6 |  7- 9 | 10-12 || total
-------------------------+-------+-------+-------+-------++-------
Melee: Hand axe          |   112 |   314 |   199 |       ||   625
       War axe           |       |       |    58 |       ||    58
       Broad axe         |       |       |    80 |    58 ||   138
Throw: Dart              |       |     9 |    32 |       ||    41
Invok: Convert to Beogh  |       |       |     1 |       ||     1
 Abil: Evoke Flight      |       |       |     1 |       ||     1
Evoke: Wand              |       |       |    29 |       ||    29
  Use: Scroll            |     3 |     5 |     7 |     2 ||    17
       Potion            |       |     1 |     5 |       ||     6
 Stab: Sleeping          |     1 |     5 |     1 |       ||     7
       Paralysed         |       |       |     5 |       ||     5
Armor: Robe              |     9 |       |       |       ||     9
       Ring mail         |    14 |    81 |     4 |       ||    99
       Chain mail        |       |       |    31 |     2 ||    33
       Plate armour      |       |       |    91 |    51 ||   142
Dodge: Dodged            |    56 |   120 |    69 |    32 ||   277
Block: Other             |     5 |    57 |    56 |       ||   118
       Reflection        |       |     3 |     6 |       ||     9

Table legend: (Time is in decaauts)
 A = Elapsed time spent in this place.
 B = Non-inter-level travel time spent in this place.
 C = Inter-level travel time spent in this place.
 D = Time resting spent in this place.
 E = Time spent auto-exploring this place.
 F = Levels seen in this place.
 G = Mean time per level.
                   A        B        C        D        E       F      G
               +--------+--------+--------+--------+--------+-----+--------+
         Total |  13467 |  12042 |   1425 |   4814 |   4635 |  11 | 1224.3 |
       Dungeon |  13284 |  11897 |   1387 |   4814 |   4555 |  10 | 1328.4 |
        Temple |    182 |    145 |     37 |      0 |     80 |   1 |  182.0 |
               +--------+--------+--------+--------+--------+-----+--------+

Top non-repeatable levels by time:
     D:7: 2180 daAuts
     D:4: 2126 daAuts
     D:6: 1909 daAuts
     D:2: 1806 daAuts
     D:5: 1598 daAuts
     D:1: 1418 daAuts
     D:8: 1141 daAuts
     D:3: 1076 daAuts
  Temple: 182 daAuts
    D:11: 24 daAuts
     D:9: 2 daAuts
